 Dungeon Crawl Stone Soup version 0.20-a0-848-g73d9be0 (webtiles) character file.

174 kidcy the Cudgeler (level 5, -1/64 HPs)
             Began as a Barachian Monk on Mar 9, 2017.
             Slain by an orc
             ... wielding a +0 long sword
              (2 damage)
             ... on level 3 of the Dungeon.
             The game lasted 00:04:49 (3326 turns).

kidcy the Cudgeler (Barachian Monk)                 Turns: 3326, Time: 00:04:50

Health: -1/64      AC: 22    Str: 13    XL:     5   Next: 54%
Magic:  5/5        EV:  2    Int: 16    God:
Gold:   49         SH:  0    Dex: 19    Spells: 4/4 levels left

rFire    . . .     SeeInvis .   b - +0 flail
rCold    . . .     Gourm    .   (armour currently unavailable)
rNeg     + + +     Faith    .   (no shield)
rPois    +         Spirit   .   (helmet currently unavailable)
rElec    .         Reflect  .   (cloak currently unavailable)
rCorr    .         Harm     .   (gloves currently unavailable)
MR       .....     NoTele   +   (boots currently unavailable)
Stlth    +++.......             (no amulet)
Regen    0.2/turn               (no ring)
MPRegen  0.1/turn               (no ring)

@: brilliant, agile, tree-form (expiring)
A: +LOS, swims, (slowness 0), (strong legs 0)
a: no special abilities


You were on level 3 of the Dungeon.
You were hungry.
You were a tree.
You visited 1 branch of the dungeon, and saw 3 of its levels.

You collected 49 gold pieces.

Inventory:

Hand Weapons
 b - a +0 flail (weapon)
Armour
 f - a +0 shield
 r - a +0 chain mail (melded)
Scrolls
 a - a scroll of fear {unknown}
 g - a scroll of remove curse {unknown}
 i - a scroll of enchant armour {unknown}
 k - a scroll of enchant weapon {unknown}
 l - a scroll of amnesia {unknown}
 p - a scroll of identify {unknown}
Potions
 h - a potion of heal wounds
 o - a potion of lignification
Comestibles
 c - 2 bread rations
 d - a meat ration
 n - a royal jelly
 q - 3 chunks of flesh


   Skills:
 + Level 4.6 Fighting
 * Level 4.9 Maces & Flails
 + Level 2.4 Armour
 - Level 3.2 Dodging
 - Level 1.7 Stealth
 + Level 2.1 Shields


You had 4 spell levels left.
You didn't know any spells.

Dungeon Overview and Level Annotations

Branches:
Dungeon (3/15)

Altars:
Fedhas
Okawaru

Annotations:
D:2 Sigmund


Innate Abilities, Weirdness & Mutations

Shadows flee at your approach. (+LOS)
You can swim through water.
((You cover ground slowly.))
((You can hop short distances.))


Message History

You hit the orc priest but do no damage.
The orc priest is severely wounded.
The goblin hits you but does no damage. The orc priest barely misses you.
The orc hits you but does no damage.
You barely miss the orc priest.
The orc priest is severely wounded.
The goblin hits you but does no damage.
The orc priest calls down the wrath of Beogh upon you.
Beogh smites you!
* * * LOW HITPOINT WARNING * * *
The goblin hits you but does no damage.
It was a potion of brilliance.
You feel clever all of a sudden.
Your transformation is almost over.
The orc hits you but does no damage.
The orc priest hits you but does no damage.
The goblin hits you but does no damage.
It was a potion of agility.
You feel agile all of a sudden. The rat barely misses you.
The orc hits you with a long sword.
You die...

#...............#.....
###.♣.≈≈.....†....######
#....≈≈P.....†....'.....
#.#...P≈..........######
#.......###########
#.#.....# #.#<....#
###o##..oo# ..
#.......#♣### ...
##.%...###gr.# ...
#...>....+...+ ...
#......o##..S# ...
#.####......... .. #.
#.........% #.
............. #
..)...<.......
#.............#


You could see an orc priest, an adder, an orc, a goblin and a rat.

Vanquished Creatures
  An orc wizard (D:3)
  Ijyb (D:2)
  2 gnolls (D:3)
  3 adders
  3 worms
  4 leopard geckos
  3 orcs (D:3)
  9 bats
  A giant cockroach (D:2)
  8 hobgoblins
  5 jackals (D:3)
  2 ball pythons
  4 frilled lizards
  4 goblins
  8 kobolds
  6 rats
64 creatures vanquished.

Notes
Turn   | Place    | Note
-------+----------+-------------------------------------------
     0 | D:1      | kidcy the Barachian Monk began the quest for the Orb.
     0 | D:1      | Reached XP level 1. HP: 18/18 MP: 1/1
   358 | D:1      | Reached XP level 2. HP: 25/25 MP: 2/2
   988 | D:2      | Found an iron altar of Okawaru.
  1057 | D:2      | Noticed Ijyb
  1094 | D:2      | Killed Ijyb
  1094 | D:2      | Reached skill level 1 in Armour
  1094 | D:2      | Reached skill level 1 in Shields
  1094 | D:2      | Reached XP level 3. HP: 6/30 MP: 3/3
  1471 | D:2      | Noticed Sigmund
  1522 | D:2      | Reached XP level 4. HP: 12/37 MP: 4/4
  2929 | D:3      | Reached XP level 5. HP: 32/43 MP: 5/5
  3166 | D:3      | Found a blossoming altar of Fedhas.
  3324 | D:3      | HP: 1/64 [orc priest/divine providence (14)]
  3326 | D:3      | Slain by an orc

Vault maps used:
D:1:      mrwooster_arrival_statue_3
D:2:      nicolae_overflow_crystal_walls, first_bread, uniq_iyjb, uniq_sigmund
D:3:      grunt_temple_overflow_forces_of_nature, tgw_trog, serial_bayou,
          serial_bayou_shore_b, serial_bayou_pond_d, serial_bayou_crossing,
          serial_bayou_pond_e, st_stairs_6, nrook_loot_triangle, feat_on_display

Skill      XL: |  1  2  3  4  5 |
---------------+----------------+-----
Fighting       | 4 |  4.6
Maces & Flails | 4 |  4.9
Armour         | 1 2 |  2.4
Shields        | 1 2 |  2.1
Dodging        | |  3.2
Stealth        | |  1.7

Action                   |  1- 3 |  4- 6 || total
-------------------------+-------+-------++-------
Melee: Mace              |   110 |    62 ||   172
       Flail             |       |    73 ||    73
 Abil: Hop               |       |     1 ||     1
  Use: Potion            |       |     6 ||     6
 Stab: Sleeping          |     1 |     2 ||     3
  Eat: Chunk             |     1 |     3 ||     4
       Bread ration      |     1 |       ||     1
Armor: Robe              |    31 |    15 ||    46
       Chain mail        |       |    65 ||    65
       Skin              |       |    37 ||    37
Dodge: Dodged            |    90 |    84 ||   174
